[ PARTIDA AOE2 · #495996342 ]
UnrankedMongoles vs Slavs
Equipo del jugador · VICT
Equipo rival · DERR
[ ANÁLISIS DE REPETICIÓN · EXTRAÍDO DE LA PARTIDA GRABADA ]
Feudal
8:26
Castillos
20:01
Imperial
36:45
| APM promedio | 49.2 |
| APM pico | 74 |
| eAPM promedio | 31.2 |
| Aldeanos / militares | 272 / 670 |
Foco
⚔️ 46.2% · 🌾 53.8%
Scout Cavalry ×504 · Mangudai ×86 · Battering Ram ×28 · Camel Scout ×22 · Trebuchet (Packed) ×8 · Monk ×5
Feudal
8:26
Castillos
21:03
Imperial
37:00
| APM promedio | 70.8 |
| APM pico | 123 |
| eAPM promedio | 44.9 |
| Aldeanos / militares | 386 / 862 |
Foco
⚔️ 64.4% · 🌾 35.6%
Scout Cavalry ×489 · Boyar ×145 · Skirmisher ×87 · Spearman ×68 · Archer ×38 · Knight ×26
Mapa de la partida
Recursos iniciales + cada clic de construcción. Líneas = muros · curvas = relieve. ◆ oro · ⬟ piedra · ● bayas · ✦ reliquia · ◌ hueco del cierre
Tu base· Abierta — el rival se encerró
Base de katzzlikemeowmix· ✓ Cerrada en 21:03 · 30t muro · sin puerta
Terreno inicial suavizado · ◌ = hueco del cierre detectado · pasá el cursor para detalles
Inputs por minuto
— zz_Highway - - katzzlikemeowmix
Build order — zz_Highway
Primeras 150 de 1312 acciones detectadas
| 0:00 | Crear | Villager (Male) |
| 0:01 | Crear | Villager (Male) |
| 0:02 | Construir | House |
| 0:03 | Construir | House |
| 0:18 | Crear | Villager (Male) |
| 0:27 | Crear | Villager (Male) |
| 1:29 | Crear | Villager (Male) |
| 2:00 | Crear | Villager (Male) |
| 2:16 | Crear | Villager (Male) |
| 2:37 | Crear | Villager (Male) |
| 3:09 | Crear | Villager (Male) |
| 3:39 | Crear | Villager (Male) |
| 3:46 | Construir | House |
| 3:49 | Crear | Villager (Male) |
| 4:11 | Crear | Villager (Male) |
| 4:13 | Construir | House |
| 4:17 | Crear | Villager (Male) |
| 4:25 | Crear | Villager (Male) |
| 4:27 | Construir | Palisade Wall |
| 4:47 | Construir | Lumber Camp |
| 5:28 | Investigar | Loom |
| 5:33 | Construir | Mill |
| 6:13 | Investigar | Feudal Age |
| 6:14 | Investigar | Feudal Age |
| 6:53 | Construir | House |
| 7:01 | Crear | Villager (Male) |
| 7:14 | Construir | Barracks |
| 8:19 | Construir | Palisade Wall |
| 8:26 | Edad | Edad Feudal |
| 8:28 | Crear | Villager (Male) |
| 8:29 | Crear | Spearman |
| 8:32 | Construir | Stable |
| 8:53 | Crear | Villager (Male) |
| 8:59 | Crear | Villager (Male) |
| 9:14 | Crear | Scout Cavalry |
| 9:15 | Crear | Scout Cavalry |
| 9:17 | Construir | House |
| 9:19 | Construir | Palisade Wall |
| 9:41 | Construir | Farm |
| 9:42 | Crear | Villager (Male) |
| 9:52 | Crear | Scout Cavalry |
| 9:58 | Construir | House |
| 9:59 | Construir | House |
| 10:05 | Construir | Palisade Wall |
| 10:08 | Crear | Spearman |
| 10:11 | Investigar | Town Watch |
| 10:18 | Crear | Villager (Male) |
| 10:21 | Construir | Palisade Wall |
| 10:23 | Crear | Scout Cavalry |
| 10:28 | Construir | Farm |
| 10:32 | Construir | House |
| 10:39 | Crear | Spearman |
| 10:41 | Crear | Villager (Male) |
| 10:58 | Crear | Villager (Male) |
| 11:13 | Construir | Farm |
| 11:22 | Investigar | Double-Bit Axe |
| 11:41 | Crear | Villager (Male) |
| 11:50 | Construir | Farm |
| 11:55 | Crear | Villager (Male) |
| 12:03 | Construir | Palisade Wall |
| 12:07 | Crear | Villager (Male) |
| 12:14 | Construir | Farm |
| 12:28 | Crear | Villager (Male) |
| 12:34 | Construir | Palisade Wall |
| 12:44 | Construir | Farm |
| 12:46 | Construir | Farm |
| 12:49 | Crear | Villager (Male) |
| 12:51 | Construir | Farm |
| 13:16 | Construir | Farm |
| 13:20 | Construir | Farm |
| 13:21 | Construir | Farm |
| 13:29 | Crear | Villager (Male) |
| 13:38 | Construir | Mining Camp |
| 14:04 | Crear | Villager (Male) |
| 14:33 | Construir | Palisade Wall |
| 14:35 | Crear | Villager (Male) |
| 14:49 | Crear | Villager (Male) |
| 15:23 | Crear | Villager (Male) |
| 15:35 | Construir | House |
| 15:37 | Crear | Villager (Male) |
| 15:38 | Construir | Blacksmith |
| 15:40 | Crear | Villager (Male) |
| 16:03 | Construir | Stable |
| 16:14 | Construir | House |
| 16:17 | Construir | House |
| 16:30 | Crear | Villager (Male) |
| 17:21 | Investigar | Castle Age |
| 17:48 | Construir | Lumber Camp |
| 17:55 | Investigar | Bloodlines |
| 18:11 | Investigar | Horse Collar |
| 18:19 | Construir | Farm |
| 18:20 | Construir | Farm |
| 18:25 | Construir | Farm |
| 18:33 | Construir | Farm |
| 18:39 | Construir | Farm |
| 18:51 | Construir | Farm |
| 18:56 | Construir | Farm |
| 19:01 | Investigar | Scale Barding Armor |
| 19:57 | Investigar | Wheelbarrow |
| 20:01 | Edad | Edad de los Castillos |
| 20:05 | Construir | Town Center |
| 20:09 | Crear | Camel Scout |
| 20:11 | Crear | Camel Scout |
| 20:43 | Investigar | Bow Saw |
| 20:44 | Investigar | Bow Saw |
| 20:54 | Crear | Villager (Male) |
| 21:23 | Crear | Villager (Male) |
| 21:43 | Construir | Siege Workshop |
| 21:46 | Crear | Villager (Male) |
| 21:47 | Crear | Villager (Male) |
| 21:47 | Crear | Villager (Male) |
| 22:06 | Construir | Farm |
| 22:08 | Crear | Villager (Male) |
| 22:09 | Crear | Villager (Male) |
| 22:18 | Crear | Scorpion |
| 22:20 | Crear | Villager (Male) |
| 22:32 | Crear | Mangonel |
| 22:35 | Crear | Villager (Male) |
| 22:56 | Crear | Villager (Male) |
| 22:57 | Crear | Villager (Male) |
| 22:59 | Construir | Lumber Camp |
| 23:27 | Crear | Villager (Male) |
| 23:28 | Crear | Villager (Male) |
| 23:30 | Construir | Farm |
| 23:37 | Crear | Villager (Male) |
| 24:10 | Construir | Lumber Camp |
| 24:27 | Crear | Villager (Male) |
| 24:28 | Crear | Steppe Lancer |
| 24:29 | Crear | Villager (Male) |
| 24:29 | Crear | Villager (Male) |
| 24:30 | Crear | Knight |
| 24:32 | Crear | Knight |
| 24:50 | Construir | Farm |
| 24:50 | Crear | Villager (Male) |
| 24:51 | Crear | Villager (Male) |
| 24:57 | Crear | Villager (Male) |
| 25:11 | Construir | Farm |
| 25:18 | Construir | House |
| 25:20 | Construir | House |
| 25:24 | Crear | Villager (Male) |
| 25:31 | Crear | Knight |
| 25:32 | Crear | Villager (Male) |
| 25:39 | Construir | Town Center |
| 25:48 | Crear | Villager (Male) |
| 25:56 | Crear | Villager (Male) |
| 26:01 | Construir | Monastery |
| 26:04 | Construir | Farm |
| 26:07 | Construir | House |
| 26:09 | Construir | House |
| 26:13 | Crear | Villager (Male) |
Build order — katzzlikemeowmix
Primeras 150 de 901 acciones detectadas
| 0:00 | Crear | Villager (Male) |
| 0:01 | Construir | House |
| 0:02 | Construir | House |
| 0:03 | Crear | Villager (Male) |
| 0:05 | Crear | Villager (Male) |
| 0:12 | Crear | Villager (Male) |
| 1:28 | Crear | Villager (Male) |
| 2:04 | Crear | Villager (Male) |
| 2:21 | Crear | Villager (Male) |
| 2:31 | Crear | Villager (Male) |
| 2:37 | Construir | Lumber Camp |
| 2:40 | Crear | Villager (Male) |
| 3:14 | Crear | Villager (Male) |
| 3:46 | Crear | Villager (Male) |
| 3:58 | Construir | House |
| 4:03 | Crear | Villager (Male) |
| 4:39 | Crear | Villager (Male) |
| 4:59 | Construir | Mill |
| 5:10 | Crear | Villager (Male) |
| 5:10 | Investigar | Loom |
| 6:11 | Investigar | Feudal Age |
| 6:47 | Construir | House |
| 7:41 | Crear | Villager (Male) |
| 7:48 | Construir | Barracks |
| 8:26 | Edad | Edad Feudal |
| 8:32 | Crear | Villager (Male) |
| 8:43 | Construir | Stable |
| 8:47 | Construir | Stable |
| 8:51 | Crear | Spearman |
| 8:53 | Crear | Villager (Male) |
| 9:12 | Crear | Villager (Male) |
| 9:16 | Construir | House |
| 9:17 | Construir | House |
| 9:19 | Crear | Villager (Male) |
| 9:36 | Crear | Scout Cavalry |
| 9:39 | Crear | Scout Cavalry |
| 9:41 | Investigar | Double-Bit Axe |
| 9:51 | Construir | House |
| 9:59 | Crear | Villager (Male) |
| 10:15 | Construir | Palisade Wall |
| 10:18 | Crear | Spearman |
| 10:22 | Crear | Villager (Male) |
| 10:24 | Construir | House |
| 10:29 | Construir | House |
| 10:33 | Construir | Palisade Wall |
| 10:48 | Crear | Villager (Male) |
| 10:52 | Construir | Palisade Wall |
| 10:55 | Construir | Palisade Wall |
| 10:57 | Construir | Palisade Wall |
| 11:12 | Investigar | Horse Collar |
| 11:26 | Construir | Farm |
| 11:27 | Construir | Farm |
| 11:36 | Crear | Villager (Male) |
| 11:55 | Construir | Farm |
| 12:00 | Crear | Villager (Male) |
| 12:10 | Construir | Farm |
| 12:14 | Crear | Villager (Male) |
| 12:16 | Construir | House |
| 12:36 | Construir | Farm |
| 12:39 | Crear | Villager (Male) |
| 12:43 | Construir | House |
| 12:50 | Crear | Villager (Male) |
| 13:09 | Construir | Farm |
| 13:23 | Crear | Spearman |
| 13:34 | Construir | Farm |
| 13:36 | Construir | House |
| 13:45 | Crear | Villager (Male) |
| 13:47 | Construir | Farm |
| 13:49 | Construir | Mining Camp |
| 14:00 | Crear | Villager (Male) |
| 14:02 | Construir | Farm |
| 14:07 | Construir | Farm |
| 14:13 | Construir | House |
| 14:17 | Crear | Villager (Male) |
| 14:32 | Crear | Villager (Male) |
| 14:50 | Construir | Farm |
| 15:05 | Crear | Villager (Male) |
| 15:15 | Construir | Farm |
| 15:29 | Crear | Villager (Male) |
| 15:50 | Construir | Archery Range |
| 15:57 | Crear | Villager (Male) |
| 16:32 | Construir | Archery Range |
| 16:35 | Crear | Villager (Male) |
| 16:58 | Crear | Archer |
| 17:01 | Crear | Villager (Male) |
| 17:15 | Construir | Lumber Camp |
| 17:21 | Crear | Archer |
| 17:26 | Crear | Villager (Male) |
| 17:37 | Construir | Farm |
| 17:43 | Crear | Villager (Male) |
| 17:50 | Construir | Farm |
| 17:52 | Crear | Archer |
| 17:52 | Crear | Archer |
| 18:16 | Construir | Lumber Camp |
| 18:23 | Investigar | Castle Age |
| 18:24 | Crear | Archer |
| 18:24 | Crear | Archer |
| 18:35 | Construir | Farm |
| 18:59 | Construir | Blacksmith |
| 19:05 | Crear | Archer |
| 19:07 | Crear | Archer |
| 19:08 | Crear | Archer |
| 19:29 | Investigar | Gold Mining |
| 19:38 | Crear | Archer |
| 19:39 | Construir | House |
| 19:45 | Investigar | Fletching |
| 19:48 | Crear | Archer |
| 20:19 | Crear | Archer |
| 20:23 | Crear | Villager (Male) |
| 20:28 | Construir | House |
| 20:28 | Construir | House |
| 20:51 | Crear | Archer |
| 20:57 | Crear | Archer |
| 21:03 | Edad | Edad de los Castillos |
| 21:10 | Construir | Town Center |
| 21:15 | Investigar | Bow Saw |
| 21:19 | Investigar | Wheelbarrow |
| 21:33 | Investigar | Crossbowman (upgrade) |
| 21:50 | Crear | Villager (Male) |
| 21:52 | Construir | Farm |
| 21:53 | Crear | Villager (Male) |
| 21:55 | Investigar | Town Watch |
| 21:57 | Construir | Monastery |
| 22:05 | Investigar | Bodkin Arrow |
| 22:19 | Investigar | Padded Archer Armor |
| 22:20 | Crear | Villager (Male) |
| 22:27 | Crear | Villager (Male) |
| 22:31 | Crear | Villager (Male) |
| 22:40 | Construir | Town Center |
| 22:41 | Crear | Monk |
| 22:44 | Crear | Archer |
| 22:44 | Crear | Archer |
| 22:56 | Investigar | Padded Archer Armor |
| 22:56 | Crear | Villager (Male) |
| 23:03 | Crear | Villager (Male) |
| 23:12 | Crear | Villager (Male) |
| 23:25 | Crear | Villager (Male) |
| 23:26 | Crear | Archer |
| 23:27 | Crear | Archer |
| 23:33 | Crear | Villager (Male) |
| 23:35 | Construir | Farm |
| 23:38 | Construir | Farm |
| 23:39 | Crear | Villager (Male) |
| 23:41 | Crear | Monk |
| 23:51 | Crear | Villager (Male) |
| 23:53 | Construir | Farm |
| 23:58 | Crear | Villager (Male) ×2 |
| 24:45 | Crear | Villager (Male) |
| 24:45 | Crear | Villager (Male) |
| 24:46 | Crear | Villager (Male) ×2 |
Cronología de la partida
| 4:27 | zz_Highway · wall_segment Palisade Wall x1 |
| 7:14 | zz_Highway · first_building Barracks |
| 7:48 | katzzlikemeowmix · first_building Barracks |
| 8:19 | zz_Highway · wall_segment Palisade Wall x6 |
| 8:26 | zz_Highway · age_up feudal |
| 8:26 | katzzlikemeowmix · age_up feudal |
| 8:32 | zz_Highway · first_building Stable |
| 8:43 | katzzlikemeowmix · first_building Stable |
| 9:19 | zz_Highway · wall_segment Palisade Wall x4 |
| 10:05 | zz_Highway · wall_segment Palisade Wall x5 |
| 10:15 | katzzlikemeowmix · wall_segment Palisade Wall x9 |
| 10:21 | zz_Highway · wall_segment Palisade Wall x1 |
| 10:33 | katzzlikemeowmix · wall_segment Palisade Wall x8 |
| 10:52 | katzzlikemeowmix · wall_segment Palisade Wall x8 |
| 10:55 | katzzlikemeowmix · wall_segment Palisade Wall x1 |
| 10:57 | katzzlikemeowmix · wall_segment Palisade Wall x4 |
| 12:03 | zz_Highway · wall_segment Palisade Wall x9 |
| 12:34 | zz_Highway · wall_segment Palisade Wall x5 |
| 14:33 | zz_Highway · wall_segment Palisade Wall x8 |
| 15:50 | katzzlikemeowmix · first_building Archery Range |
| 20:01 | zz_Highway · age_up castle |
| 21:03 | katzzlikemeowmix · age_up castle |
| 21:43 | zz_Highway · first_building Siege Workshop |
| 21:57 | katzzlikemeowmix · first_building Monastery |
| 26:01 | zz_Highway · first_building Monastery |
| 27:06 | zz_Highway · first_market_buy 100 stone |
| 29:53 | zz_Highway · first_market_sell 100 wood |
| 31:52 | zz_Highway · first_building Castle |
| 32:57 | katzzlikemeowmix · first_building Castle |
| 34:43 | katzzlikemeowmix · first_market_buy 100 wood |
| 36:45 | zz_Highway · age_up imperial |
| 37:00 | katzzlikemeowmix · age_up imperial |
| 37:06 | katzzlikemeowmix · first_market_sell 100 food |
| 39:14 | zz_Highway · first_building Archery Range |
| 45:46 | zz_Highway · wall_segment Stone Wall x1 |
| 45:51 | zz_Highway · wall_segment Stone Wall x21 |
| 50:36 | zz_Highway · wall_segment Stone Wall x9 |
| 50:37 | zz_Highway · wall_segment Stone Wall x13 |
| 50:41 | zz_Highway · wall_segment Stone Wall x1 |
| 66:32 | katzzlikemeowmix · wall_segment Stone Wall x14 |
| 66:56 | zz_Highway · wall_segment Stone Wall x3 |
| 77:31 | katzzlikemeowmix · resign |
[ ANÁLISIS IA · 1 CRÉDITO ]
¿Qué pasó realmente en esta partida?
Wolo.gg analiza cada decisión: build order, eco, micro, errores típicos por bracket. Análisis personalizado por WhatsApp o Discord en 30 segundos.
Guía civ
Mongoles
Perfil
zz_Highway